 Dungeon Crawl Stone Soup version 0.31-a0-455-g1a7b003ef0 (webtiles) character file.

Game seed: 10819769372961826661

38 CraigForest the Slasher (level 3, 0/28 HPs)
             Began as a Formicid Gladiator on Aug 3, 2023.
             Succumbed to an adder's poison
             ... on level 2 of the Dungeon.
             The game lasted 00:04:27 (1377 turns).

CraigForest the Slasher (Formicid Gladiator)        Turns: 1377, Time: 00:04:28

Health: 0/28       AC:  3    Str: 18    XL:     3   Next: 65%
Magic:  3/3        EV: 13    Int:  7    God:
Gold:   46         SH:  0    Dex: 17    Spells: 2/2 levels left

rFire   . . .        a - +0 long sword
rCold   + . .        (no shield)
rNeg    . . .        b - +0 leather armour
rPois   .            (helmet unavailable)
rElec   .            (no cloak)
rCorr   .            (no gloves)
SInv    +            (no boots)
Will    +....        (no amulet)
Stlth   +            j - ring of protection from cold
HPRegen 0.24/turn    (no ring)
MPRegen 0.08/turn

%: no passive effects
@: lethally poisoned (0 -> -3), enlightened, flying
A: permanent stasis, dig shafts and tunnels, antennae 3, four strong arms
a: Dig, Shaft Self


You were on level 2 of the Dungeon.
You visited 1 branch of the dungeon, and saw 2 of its levels.

You collected 46 gold pieces.

Inventory:

Hand Weapons
 a - a +0 long sword (weapon)
Missiles
 c - 3 throwing nets (quivered)
 d - a javelin
 l - 2 poisoned darts
Armour
 b - a +0 leather armour (worn)
Jewellery
 j - a ring of protection from cold (left hand)
Scrolls
 g - a scroll of fog
 i - a scroll of torment {unknown}
 k - a scroll of vulnerability {unknown}


   Skills:
 + Level 2.5 Fighting
 + Level 3.9 Long Blades
 + Level 2.0 Throwing
 + Level 0.5 Armour
 + Level 2.9 Dodging


You had 2 spell levels left.
You didn't know any spells.
Your spell library was empty.

Dungeon Overview and Level Annotations

Branches:
Dungeon (2/15)

Altars:

Annotations:
D:2 Sigmund


Innate Abilities, Weirdness & Mutations

You cannot be hasted, slowed, berserked, paralysed or teleported.
You can dig through walls and to a lower floor.
You have a pair of large antennae on your head. (SInv)
Your four strong arms can wield two-handed weapons with a shield.


Message History

The adder is heavily wounded.
Sigmund gestures wildly while chanting.
Sigmund flickers and vanishes for a moment.
The adder bites you but does no damage.
Sigmund flickers, as though insubstantial.
Sigmund hits you from afar with a +0 scythe!
The adder bites you.
You hit the adder but do no damage.
The adder is heavily wounded.
The adder bites you but does no damage.
You miss the adder.
The adder is heavily wounded.
The adder bites you but does no damage. Sigmund hits you but does no damage.
The adder misses you.
You closely miss the adder.
The adder is heavily wounded.
The adder barely misses you.
Sigmund hits you from afar with a +0 scythe!
* * * LOW HITPOINT WARNING * * *
The adder attacks as you move away! The adder bites you but does no damage.
The adder bites you.
* * * LOW HITPOINT WARNING * * *
You are lethally poisoned!
The adder poisons you!
It was a potion of enlightenment.
You feel very buoyant.
You fly up into the air.
* * * LOW HITPOINT WARNING * * *
You feel sick. The adder bites you.
* * * LOW HITPOINT WARNING * * *
Sigmund barely misses you.
As you read the scroll labelled JES MIESA BASCHE, it crumbles to dust.
It is a scroll of identify.
g - a scroll of fog
* * * LOW HITPOINT WARNING * * *
You feel sick. The adder closely misses you.
As you read the scroll labelled TIRROI JAIM, it crumbles to dust.
It is a scroll of amnesia.
You feel forgetful for a moment.
You die...

#.# #.. #.# ### #.#
##.# ..# # #.# ######
#.# #.....
######.########.####
#..@S@...........###
######.######.....##
#..............
#.#.####.....##
#..#.# ##....#
########.###.####.#.#
........## ##.....#.#
#####.##.###)######.#
# ##.#.## #.##


You could see Sigmund (invisible) and an adder.

Vanquished Creatures
  4 dart slugs
  2 bats (D:1)
  2 endoplasms (D:1)
  A giant cockroach (D:1)
  2 goblins (D:1)
  3 hobgoblins (D:1)
  5 kobolds
  2 quokkas
  3 ball pythons (D:1)
  2 frilled lizards
  3 rats
29 creatures vanquished.

Notes
Turn   | Place    | Note
-------+----------+-------------------------------------------
     0 | D:1      | CraigForest the Formicid Gladiator began the quest for the
                  | Orb.
     0 | D:1      | Reached XP level 1. HP: 16/16 MP: 1/1
   296 | D:1      | Reached XP level 2. HP: 22/22 MP: 2/2
   623 | D:1      | Reached XP level 3. HP: 22/28 MP: 3/3
  1355 | D:2      | Noticed Sigmund
  1376 | D:2      | HP: 1/28 [poisoned by an adder]
  1377 | D:2      | Succumbed to an adder's poison

Illustrated notes

Levels and vault maps discovered:
D:1:      roderic_crop_circles_arrival_small, layout_loops_corners,
          amcnicky_mini_rare_corridor_liquid
D:2:      layout_loops_ring, chequers_ecumenical_altar_grove,
          uniq_crazy_yiuf_cottage, uniq_sigmund

Action                     || total
---------------------------++-------
  Melee: Long sword        ||   100
  Throw: Dart              ||     2
         Throwing net      ||     1
    Use: Scroll            ||     2
         Potion            ||     1
   Stab: Sleeping          ||     2
 Armour: Leather armour    ||    36
  Dodge: Dodged            ||    83

Table legend: (Time is in decaauts)
 A = Elapsed time spent in this place.
 B = Non-inter-level travel time spent in this place.
 C = Inter-level travel time spent in this place.
 D = Time resting spent in this place.
 E = Time spent auto-exploring this place.
 F = Levels seen in this place.
 G = Mean time per level.
                   A        B        C        D        E       F      G
               +--------+--------+--------+--------+--------+-----+--------+
         Total |   1398 |   1280 |    118 |      0 |    986 |   2 |  699.0 |
       Dungeon |   1398 |   1280 |    118 |      0 |    986 |   2 |  699.0 |
               +--------+--------+--------+--------+--------+-----+--------+

Top non-repeatable levels by time:
     D:1: 1166 daAuts
     D:2: 231 daAuts
